 Dungeon Crawl Stone Soup version 0.19.0-20-gbc5f0c6 (webtiles) character file.

4447 dracos369 the Spear-Bearer (level 10, -7/80 HPs)
             Began as a Merfolk Chaos Knight on Nov 16, 2016.
             Mangled by a blizzard demon (9 damage)
             ... created by the severe capriciousness of Xom
             ... on level 8 of the Dungeon.
             The game lasted 00:45:07 (8751 turns).

dracos369 the Spear-Bearer (Merfolk Chaos Knight)   Turns: 8751, Time: 00:45:09

Health: -7/80      AC:  8    Str: 17    XL:     10   Next: 37%
Magic:  15/15      EV: 12    Int: 13    God:    Xom [*.....]
Gold:   412        SH:  7    Dex: 11    Spells: 0 memorised, 9 levels left

rFire  . . .     SeeInvis .     a - +0 spear (chaos)
rCold  . . .     Gourm    .     b - +2 leather armour
rNeg   . . .     Faith    .     j - +0 shield
rPois  .         Spirit   .     (helmet restricted)
rElec  .         Reflect  .     (no cloak)
rCorr  .         Harm     .     y - +2 pair of gloves
MR     .....     Rnd*Rage +     (no boots)
Stlth  +++.......               G - amulet of regeneration
                                (no ring)
                                (no ring)

@: about to teleport, very slightly contaminated, slowed, very slow
A: change form in water, swift swim, stealthy swim, horns 1, yellow scales 1,
berserk 1, clever 1, clumsy 1, deformed body, subdued magic 1, sturdy frame 1
a: Renounce Religion


You were on level 8 of the Dungeon.
You worshipped Xom.
You were a special plaything of Xom.
You were hungry.

You visited 2 branches of the dungeon, and saw 10 of its levels.

You collected 412 gold pieces.

Inventory:

Hand Weapons
 a - a +0 spear of chaos (weapon)
 C - a +0 trident
Missiles
 s - 3 tomahawks (quivered)
Armour
 b - a +2 leather armour (worn)
 j - a +0 shield (worn)
 q - a +0 helmet
 y - a +2 pair of gloves (worn)
Jewellery
 v - an uncursed amulet of rage
 G - an amulet of regeneration (around neck)
Wands
 x - a wand of flame (30/48)
Scrolls
 d - 7 scrolls of identify {unknown}
 e - a scroll of immolation {unknown}
 h - a scroll of fog
 l - a scroll of recharging {unknown}
 m - 2 scrolls of remove curse
 o - a scroll of random uselessness {unknown}
 w - a scroll of teleportation
 z - a scroll of enchant armour {unknown}
 B - a scroll of magic mapping
 D - a scroll of summoning {unknown}
 H - a scroll of holy word {unknown}
 K - a scroll of enchant weapon {unknown}
Potions
 i - 2 potions of agility {unknown}
 n - 3 potions of haste
 r - a potion of brilliance {unknown}
 I - a potion of might {unknown}
 L - a potion of degeneration {unknown}
 M - a potion of flight {unknown}
Comestibles
 c - 2 bread rations
 t - 2 beef jerkies
 u - 4 royal jellies
 A - 2 slices of pizza
 E - a chunk of flesh
 F - 24 fruits
 N - a meat ration


   Skills:
 + Level 8.1 Fighting
 + Level 12.7 Polearms
 - Level 0.6 Armour
 + Level 7.0 Dodging
 + Level 5.5 Stealth
 - Level 7.0 Evocations


You had 9 spell levels left.
You didn't know any spells.

Dungeon Overview and Level Annotations

Branches:
Dungeon (9/15)             Temple (1/1) D:5
   Lair: D:8-11         Orc: D:9-12

Altars:
Ashenzari
Cheibriados
Dithmenos
Elyvilon
Fedhas
Gozag
Hepliaklqana
Kikubaaqudgha
Makhleb
Nemelex Xobeh
Okawaru
Qazlal
Ru
Sif Muna
Trog
Uskayaw
Vehumet
Xom
Yredelemnul
Zin
The Shining One

Annotations:
D:8 1 runed door
D:9 exclusion: wyvern


Innate Abilities, Weirdness & Mutations

You revert to your normal form in water.
You are very nimble and swift while swimming.
You are very stealthy in the water. (Stealth+)
You have a pair of small horns on your head.
You are partially covered in yellow scales. (AC +2)
You tend to lose your temper in combat.
Your mind is acute. (Int +2)
You are clumsy. (Dex -2)
Armour fits poorly on your strangely shaped body.
Your spells are a little easier to cast, but a little less powerful.
Your movements are slightly less encumbered by armour. (ER -2)


Message History

You close the door.
A blizzard demon opens the door.
You close the door.
A blizzard demon opens the door.
You close the door.
A blizzard demon opens the door.
You close the door.
You feel yourself slow down.
A blizzard demon opens the door.
You close the door.
A blizzard demon opens the door.
You close the door.
A blizzard demon opens the door.
As you read the scroll labeled ZAUJIE MYIV, it crumbles to dust.
You feel aware of your surroundings.
You sensed 5 altars.
It was a scroll of magic mapping.
The blizzard demon gestures at you. The bolt of lightning misses you.
The bolt of lightning hits you!
As you read the scroll labeled GIBAIB ZEFILL, it crumbles to dust.
You feel strangely unstable.
It was a scroll of teleportation.
The blizzard demon gestures at you. The bolt of lightning misses you.
The bolt of lightning hits you!
* * * LOW HITPOINT WARNING * * *
The blizzard demon closely misses you. The blizzard demon hits you!
You die...

##****,,,**,##..###.W.###,,**,**,
## *,,,,,###..*#.......#*,,***,,
.# *,,_,,,'....'..._...',,,,',,,
.# *,,,,,**#..##..2....#*,,***,,
.# **,,,**,*#..###...###,,**,**,
.####*****,,,'#..###'###..#',,,**
....#####*,,,**#.........#**,_,*
.##.#...#*,,,*##2##8.8##'#**,,,*#
###.#.#.#**,**#.@.##+##,,,***,*##
#.#.#.# ***#.....#,*,,_,,****#. *
#.#.#.# ##...##,**,,,** #.
*##.#.#.# #####,,,***** #.
*#......################ #.
##.....................# #.
.#......#......#######.###### #.
.#.............# #..........# #.
.#......#......# #..........####.


You could see a blizzard demon.

Vanquished Creatures
  Pikel (D:4)
  3 hippogriffs
  2 wraiths (D:8)
  A fire bat (D:8)
  2 phantoms
  A sky beast (D:8)
  2 slaves (D:4)
  A necrophage (D:9)
  3 ice beasts
  4 ogres
  2 killer bees (D:7)
  3 centaurs
  2 big kobolds
  2 bullfrogs
  2 scorpions (D:8)
  A howler monkey (D:4)
  3 crimson imps
  3 hounds
  3 orc priests
  3 bullfrog skeletons
  A centaur skeleton (D:6)
  14 orc wizards
  An iguana (D:4)
  6 worker ants
  2 hound skeletons (D:5)
  Robin (D:3)
  11 adders
  An ooze (D:2)
  A worm (D:2)
  4 dart slugs
  6 leopard geckos
  34 orcs
  3 ball pythons
  5 giant cockroaches
  14 goblins
  7 hobgoblins
  20 jackals
  12 kobolds
  A quokka (D:4)
  12 bats
  6 frilled lizards
  A jackal skeleton (D:5)
  8 rats
215 creatures vanquished.

Vanquished Creatures (collateral kills)
  A shadow (D:8)
  2 slaves (D:4)
  2 bats (D:8)
5 creatures vanquished.

Vanquished Creatures (others)
  A killer bee (D:7)
  A hound (D:7)
2 creatures vanquished.

Grand Total: 222 creatures vanquished

Notes
Turn   | Place    | Note
-------+----------+-------------------------------------------
     0 | D:1      | dracos369 the Merfolk Chaos Knight began the quest for the Orb.
     0 | D:1      | Reached XP level 1. HP: 18/18 MP: 1/1
   148 | D:1      | Reached skill level 5 in Polearms
   148 | D:1      | Reached XP level 2. HP: 23/24 MP: 2/2
   439 | D:1      | XOM: harmless Tloc miscast
   536 | D:1      | Reached XP level 3. HP: 29/29 MP: 3/3
   580 | D:1      | Reached skill level 6 in Polearms
   625 | D:1      | XOM: silly message
   783 | D:1      | XOM: silly message
   824 | D:1      | XOM: mild Ice miscast
   947 | D:1      | XOM: harmless Pois miscast
  1243 | D:2      | XOM: silly message
  1566 | D:2      | Reached XP level 4. HP: 35/35 MP: 4/4
  1673 | D:2      | Reached skill level 7 in Polearms
  1860 | D:2      | XOM: divination: detect creatures
  1912 | D:3      | XOM: confuse monster(s)
  2128 | D:3      | Reached skill level 8 in Polearms
  2143 | D:3      | Reached XP level 5. HP: 41/41 MP: 5/5
  2208 | D:3      | XOM: harmless Erth miscast
  2232 | D:3      | XOM: harmless Tmut miscast
  2335 | D:3      | Noticed Robin
  2353 | D:3      | Killed Robin
  2523 | D:3      | XOM: silly message
  2696 | D:3      | XOM: smoke on damage
  2721 | D:3      | Reached skill level 9 in Polearms
  3157 | D:4      | Noticed a phantom
  3163 | D:4      | XOM: divination: magic mapping
  3164 | D:4      | XOM: cast spell 'Call Canine Familiar'
  3196 | D:3      | XOM: smoke on damage
  3206 | D:3      | Killed a phantom
  3206 | D:3      | Reached XP level 6. HP: 13/47 MP: 6/6
  3484 | D:4      | Noticed Pikel
  3485 | D:4      | Noticed a slave
  3485 | D:4      | Noticed a slave
  3487 | D:4      | Noticed a slave
  3509 | D:4      | XOM: mild Chrm miscast
  3530 | D:3      | Reached skill level 10 in Polearms
  3561 | D:3      | XOM: harmless Divn miscast
  3601 | D:5      | Entered Level 5 of the Dungeon
  3755 | D:5      | Reached XP level 7. HP: 46/52 MP: 7/7
  3780 | D:5      | Reached skill level 11 in Polearms
  3953 | D:5      | XOM: god gift: purple potion {god gift}
  3988 | D:5      | XOM: harmless Divn miscast
  3998 | D:5      | XOM: enchant monster (good)
  4001 | D:5      | Reached skill level 1 in Evocations
  4018 | D:5      | Found a stormy altar of Qazlal.
  4022 | D:5      | Found a sacrificial altar of Ru.
  4420 | D:5      | Found a staircase to the Ecumenical Temple.
  4851 | Temple   | Entered the Ecumenical Temple
  5376 | D:4      | XOM: god gift: robe {god gift}
  5445 | D:4      | Reached XP level 8. HP: 54/58 MP: 10/10
  5454 | D:4      | XOM: give mutations
  5454 | D:4      | Gained mutation: Your movements are slightly less encumbered by armour. (ER -2) [Xom's grace]
  5454 | D:4      | Gained mutation: You have a pair of small horns on your head. [Xom's grace]
  5627 | D:4      | Reached skill level 12 in Polearms
  5849 | D:4      | XOM: divination: detect creatures
  5851 | D:4      | XOM: summons 4 friendly demons
  5928 | D:4      | Killed Pikel
  5928 | D:4      | Reached skill level 5 in Fighting
  5964 | D:4      | XOM: give mutation
  5964 | D:4      | Gained mutation: You are partially covered in yellow scales. (AC +2) [Xom's grace]
  6036 | D:4      | You fall through a shaft!
  6077 | D:6      | XOM: enchant monster (good)
  6086 | D:6      | Reached skill level 5 in Evocations
  6130 | D:6      | You fall through a shaft for 3 floors!
  6165 | D:9      | Noticed a wyvern
  6227 | D:8      | Reached XP level 9. HP: 69/69 MP: 13/13
  6231 | D:8      | XOM: silly message
  6367 | D:8      | Reached skill level 1 in Stealth
  6373 | D:8      | XOM: confusion (+ monsters)
  6657 | D:8      | XOM: divination: detect items
  7103 | D:8      | XOM: fog
  7104 | D:8      | XOM: summons friendly ufetubus
  7131 | D:8      | XOM: blink monster(s)
  7192 | D:8      | XOM: noise
  7328 | D:7      | XOM: summons friendly iron imp
  7329 | D:7      | Reached skill level 5 in Dodging
  7341 | D:7      | XOM: give mutations
  7341 | D:7      | Gained mutation: You are clumsy. (Dex -2) [Xom's mischief]
  7341 | D:7      | Gained mutation: Armour fits poorly on your strangely shaped body. [Xom's mischief]
  7508 | D:6      | XOM: confuse monster(s)
  7582 | D:6      | XOM: harmless Necr miscast
  7698 | D:6      | XOM: confuse monster(s)
  7747 | D:6      | Reached XP level 10. HP: 79/79 MP: 15/15
  7829 | D:6      | XOM: mild Necr miscast
  7855 | D:6      | XOM: medium Tloc miscast
  7924 | D:6      | XOM: enchant monster (good)
  7925 | D:6      | XOM: god gift: scroll labeled HAKLUANORA {god gift}
  8144 | D:7      | Reached skill level 5 in Stealth
  8155 | D:7      | Found an iron altar of Okawaru.
  8479 | D:7      | XOM: scenery: create altars
  8493 | D:7      | XOM: enchant monster (good)
  8635 | D:8      | Found a shattered altar of Ashenzari.
  8669 | D:8      | XOM: summons friendly iron imp
  8673 | D:8      | XOM: enchant monster (good)
  8709 | D:8      | Gained mutation: Your mind is acute. (Int +2) [potion of mutation]
  8709 | D:8      | Gained mutation: You tend to lose your temper in combat. [potion of mutation]
  8709 | D:8      | Gained mutation: Your spells are a little easier to cast, but a little less powerful. [potion of mutation]
  8723 | D:8      | XOM: severe Summ miscast
  8724 | D:8      | Noticed a blizzard demon
  8724 | D:8      | Found a runed door.
  8751 | D:8      | HP: 2/80 [blizzard demon/bolt of lightning[the severe capriciousness of Xom] (29)]
  8751 | D:8      | Mangled by a blizzard demon

Skill      XL: |  1  2  3  4  5  6  7  8  9 10 |
---------------+-------------------------------+-----
Polearms       | 5 6 8 9 10 11 12 | 12.7
Evocations     | 3 5 7 |  7.0
Fighting       | 6 7 8 |  8.1
Dodging        | 6 7 |  7.0
Stealth        | 4 5 |  5.5
Armour         | |  0.6

Action                   |  1- 3 |  4- 6 |  7- 9 | 10-12 || total
-------------------------+-------+-------+-------+-------++-------
Melee: Spear             |   121 |   331 |   553 |   179 ||  1184
       Headbutt          |       |       |    57 |    24 ||    81
Throw: Tomahawk          |       |       |     4 |       ||     4
 Abil: Evoke Berserk Rag |       |       |     3 |       ||     3
  Use: Scroll            |       |       |       |     7 ||     7
       Potion            |       |       |       |     7 ||     7
 Stab: Sleeping          |     2 |       |     4 |     5 ||    11
       Confused          |       |     3 |     4 |     1 ||     8
       Petrifying        |       |     1 |     2 |       ||     3
       Petrified         |       |       |    11 |     2 ||    13
       Paralysed         |       |       |     7 |     1 ||     8
  Eat: Chunk             |     2 |     7 |    16 |     3 ||    28
Armor: Leather armour    |    19 |    60 |    83 |    27 ||   189
Dodge: Dodged            |    40 |    99 |    62 |    54 ||   255
Block: Shield            |       |    19 |    70 |    34 ||   123
